 Dungeon Crawl Stone Soup version 0.31-a0-1074-g0b22e4e0f1 (webtiles) character file.

Game seed: 6207041926939564411

3482 sircluck the Grappler (level 9, -5/85 HPs)
             Began as a Troll Berserker on Nov 20, 2023.
             Was a High Priest of Trog.
             Constricted to death by Maurice (7 damage)
             ... on level 8 of the Dungeon on Nov 28, 2023.
             The game lasted 00:10:24 (6223 turns).

sircluck the Grappler (Troll Berserker)             Turns: 6223, Time: 00:10:25

Health: -5/85      AC:  6    Str: 31    XL:     9   Next: 79%
Magic:  8/8        EV:  8    Int:  3    God:    Trog [*****.]
Gold:   292        SH:  0    Dex:  9    Spells: 8/8 levels left

rFire   . .          .
                       - Unarmed
rCold   + . .        (no shield)
rNeg    . . .        v - +1 robe {rC+}
rPois   .            (helmet restricted)
rElec   .            l - +0 cloak
rCorr   .            (gloves unavailable)
SInv    .            (boots unavailable)
Will    .....        f - amulet of faith
Stlth   +            (no ring)
HPRegen 1.14/turn    (no ring)
MPRegen 0.11/turn

%: faith
@: grasped by roots, constricted
A: large, unfitting armour, claws 3, regeneration 1, shaggy fur 1, tough skin 1
a: Renounce Religion, Berserk, Trog's Hand, Brothers in Arms


You were on level 8 of the Dungeon.
You worshipped Trog.
Trog was extremely pleased with you.
You visited 1 branch of the dungeon, and saw 8 of its levels.

You collected 292 gold pieces.

Inventory:

Missiles
 p - 30 stones
Armour
 a - a +0 animal skin
 l - a +0 cloak (worn)
 v - a +1 robe of cold resistance (worn)
Jewellery
 f - an amulet of faith (around neck)
 m - a ring of ice
Wands
 t - a wand of quicksilver (9)
 u - a wand of paralysis (9)
 y - a wand of roots (8)
Scrolls
 c - 7 scrolls of identify {unknown}
 d - 3 scrolls of teleportation {unknown}
 h - a scroll of poison {unknown}
 i - a scroll of fog {unknown}
 o - a scroll of revelation {unknown}
 s - 3 scrolls of noise {unknown}
 w - 2 scrolls of enchant armour {unknown}
 x - a scroll of fear {unknown}
Potions
 b - a potion of resistance {unknown}
 e - a potion of berserk rage {unknown}
 g - 5 potions of curing {unknown}
 j - a potion of degeneration {unknown}
 k - a potion of ambrosia {unknown}
 n - 2 potions of enlightenment {unknown}
 q - a potion of haste {unknown}


   Skills:
 + Level 4.3 Fighting
 * Level 2.8 Armour
 + Level 5.9 Dodging
 - Level 1.1 Stealth
 + Level 11.2 Unarmed Combat


You had 8 spell levels left.
You didn't know any spells.
Your spell library was empty.

Dungeon Overview and Level Annotations

Branches:
Dungeon (7/15)             Temple (0/1) D:5

Altars:
Uskayaw
Yredelemnul

Shops:
D:5 !

Annotations:
D:8 Maurice


Innate Abilities, Weirdness & Mutations

You are too large for most types of armour.
You have claws for hands.
Your natural rate of healing is unusually fast.
You are covered in fur. (AC +1)
You have tough skin. (AC +1)


Message History

Aim: an orc, wielding a +0 dagger (ally target, 71% to hit)
Okay, then.
You escape the roots grasp.
You feel sick.
You hear a shout!
Your troll bites the orc!!
The orc dies!
Trog accepts your kill.
Aiming: Quicksilver Bolt
Press: ? - help, Q - select action, (/) - cycle Shift-Dir - straight line, f - orc
Aim: an orc, wielding a +0 flail and wearing a +0 leather armour (71% to hit)
The bolt of dispelling energy hits the orc!
You kill the orc!
Trog accepts your kill.
You feel sick.
Your troll rages.
Unknown command.
Unknown command.
You start resting.
You feel sick.
You are no longer poisoned.
You start resting.
An orc comes into view. It is wielding a +0 war axe.
You hear a zap.
The roots erupt in riotous growth!
The grasping roots grab you! Roots grab your troll.
Your troll is constricted.
You are constricted.
* * * LOW HITPOINT WARNING * * *
Unknown command.
Aiming: Paralyse
Press: ? - help, Q - select action, (/) - cycle Shift-Dir - straight line, f - orc
Aim: an orc, wielding a +0 war axe and wearing a +0 leather armour (chance to affect: 66%)
Okay, then.
Unknown command.
Aiming: Paralyse
Press: ? - help, Q - select action, (/) - cycle Shift-Dir - straight line Nothing appears to happen.
A boomerang appears from out of thin air!
The boomerang hits you.
* * * LOW HITPOINT WARNING * * *
Your troll is constricted.
You are constricted!
You die...

..##......# #
..........# #.
#.....o...## ###.###..
#......#### .o.......
#.)......## ........#
#........#
........######.......#
..........)†)))......#
.........).†.T@.....####
.......#######..{......#
....... #.......#...
####### #.......# ##
##.....## ##...## #####


You could see an orc and a friendly troll (summoned, berserk, rooted).

Vanquished Creatures
  Pikel (D:3)
  Sigmund (D:2)
  A wyvern (D:6)
  4 water moccasins
  Duvessa (D:6)
  A sky beast (D:6)
  A centaur (D:6)
  2 lemures (D:4)
  2 ogres
  A phantom (D:5)
  2 bullfrogs
  A kobold brigand (D:3)
  A necrophage (D:5)
  2 wights (D:5)
  Dowan (D:6)
  2 howler monkeys
  2 bullfrog zombies (D:5)
  3 jellies
  A centaur zombie (D:5)
  4 hounds
  A human zombie (D:5)
  3 orc priests
  A gnoll bouda (D:4)
  2 iguanas
  Ijyb (D:5)
  7 orc wizards
  Natasha (thrice) (D:4)
  3 hound zombies (D:5)
  2 mummies (D:5)
  5 gnolls (D:4)
  8 adders
  A white imp (D:6)
  2 ufetubi (D:6)
  5 dart slugs
  25 orcs
  10 ball pythons
  6 endoplasms
  3 giant cockroaches (D:2)
  3 goblins (D:1)
  6 hobgoblins
  4 jackals (D:5)
  3 quokkas
  5 bats
  7 frilled lizards
  7 kobolds
  4 rats
161 creatures vanquished.

Vanquished Creatures (collateral kills)
  A water moccasin (D:8)
  2 bullfrogs (D:8)
  An orc (D:8)
4 creatures vanquished.

Grand Total: 165 creatures vanquished

Notes
Turn   | Place    | Note
-------+----------+-------------------------------------------
     0 | D:1      | sircluck the Troll Berserker began the quest for the Orb.
     0 | D:1      | Reached XP level 1. HP: 22/22 MP: 0/0
   336 | D:1      | Reached XP level 2. HP: 29/29 MP: 1/1
   615 | D:2      | Identified the "Vaduu"
   743 | D:2      | Reached XP level 3. HP: 36/36 MP: 2/2
   759 | D:2      | Reached ** piety under Trog
   927 | D:2      | Upgraded the game from 0.31-a0-986-g5e6e4ef867 to
                  | 0.31-a0-1074-g0b22e4e0f1
   939 | D:2      | Noticed Sigmund
   951 | D:2      | Killed Sigmund
   952 | D:2      | Reached skill level 4 in Unarmed Combat
   952 | D:2      | Reached XP level 4. HP: 9/45 MP: 3/3
   952 | D:2      | Reached XP level 5. HP: 10/53 MP: 4/4
  1073 | D:2      | Identified the +8 dagger of Death {drain, *Slow rF+ Int+2}
  1655 | D:3      | Reached skill level 5 in Unarmed Combat
  1684 | D:3      | Reached XP level 6. HP: 29/61 MP: 5/5
  1923 | D:3      | Reached *** piety under Trog
  2381 | D:4      | Noticed Natasha
  2385 | D:4      | Killed Natasha
  2386 | D:4      | Reached skill level 6 in Unarmed Combat
  2386 | D:4      | Reached XP level 7. HP: 67/67 MP: 6/6
  2468 | D:4      | Reached **** piety under Trog
  2650 | D:4      | Noticed Pikel
  2675 | D:3      | Killed Pikel
  2676 | D:3      | Reached skill level 7 in Unarmed Combat
  2676 | D:3      | Reached XP level 8. HP: 16/78 MP: 7/7
  2914 | D:4      | Noticed Natasha
  2918 | D:4      | Killed Natasha
  3896 | D:4      | Noticed Natasha
  3907 | D:4      | Killed Natasha
  3908 | D:4      | Reached skill level 5 in Dodging
  3908 | D:4      | Reached skill level 8 in Unarmed Combat
  3921 | D:5      | Entered Level 5 of the Dungeon
  3985 | D:5      | Found Xalofyng's Distillery.
  4264 | D:5      | Found a staircase to the Ecumenical Temple.
  4354 | D:5      | Noticed Ijyb
  4359 | D:5      | Killed Ijyb
  5032 | D:5      | Reached skill level 1 in Stealth
  5043 | D:5      | Reached skill level 9 in Unarmed Combat
  5092 | D:5      | Found a basalt altar of Yredelemnul.
  5146 | D:6      | Reached XP level 9. HP: 84/84 MP: 8/8
  5176 | D:6      | Reached skill level 1 in Armour
  5177 | D:6      | Reached ***** piety under Trog
  5364 | D:6      | Noticed Duvessa
  5364 | D:6      | Noticed Dowan
  5371 | D:6      | Killed Duvessa
  5374 | D:6      | Killed Dowan
  5376 | D:6      | Reached skill level 10 in Unarmed Combat
  5605 | D:6      | Found a hide-covered altar of Uskayaw.
  6135 | D:7      | You fall into a shaft and drop 1 floor!
  6203 | D:8      | Noticed Maurice
  6204 | D:8      | Reached skill level 11 in Unarmed Combat
  6213 | D:8      | Something stole a ring of resist corrosion
  6222 | D:8      | HP: 3/85 [something (5)]
  6223 | D:8      | Constricted to death by Maurice

Illustrated notes

Levels and vault maps discovered:
D:1:      scummos_arrival_forest, layout_loops_ring
D:2:      layout_loops_ring, nicolae_houndstooth_variations, uniq_sigmund
D:3:      layout_loops_cross, nrook_campfire, grunt_ministairs_6
D:4:      layout_loops_cross, uniq_pikel, uniq_natasha
D:5:      layout_loops_corners, lemuel_mausoleum_altar_yredelemnul,
          temple_green, serial_shops, nicolae_shop_pleasant_corner_grove,
          serial_park_tiny_pond, uniq_ijyb
D:6:      layout_basic, mainiacjoe_overflow_surrounded_room, uniq_duvessa
D:7:      layout_loops_ring, lemuel_doored_altar, grunt_decor_arrowhead
D:8:      layout_rooms, due_lair_maze_entry_diamond, grunt_ministairs_5,
          uniq_maurice, uniq_erica

Skill      XL: |  1  2  3  4  5  6  7  8  9 |
---------------+----------------------------+-----
Fighting       | 3 4 |  4.3
Dodging        | 3 4 5 |  5.9
Unarmed Combat | 4 5 6 7 9 11 | 11.2
Stealth        | 1 |  1.1
Armour         | 2 |  2.8

Action                     |  1- 3 |  4- 6 |  7- 9 || total
---------------------------+-------+-------+-------++-------
  Melee: Unarmed           |    72 |   103 |   228 ||   403
         Punch             |     1 |     2 |    13 ||    16
 Invoke: Berserk           |       |       |     2 ||     2
         Brothers in Arms  |       |       |     1 ||     1
  Evoke: Wand              |       |       |     2 ||     2
   Stab: Sleeping          |     1 |       |     1 ||     2
         Distracted        |       |       |     1 ||     1
 Armour: Animal skin       |    36 |    74 |    72 ||   182
         Robe              |       |       |    74 ||    74
  Dodge: Dodged            |    26 |    72 |   112 ||   210

Table legend: (Time is in decaauts)
 A = Elapsed time spent in this place.
 B = Non-inter-level travel time spent in this place.
 C = Inter-level travel time spent in this place.
 D = Time resting spent in this place.
 E = Time spent auto-exploring this place.
 F = Levels seen in this place.
 G = Mean time per level.
                   A        B        C        D        E       F      G
               +--------+--------+--------+--------+--------+-----+--------+
         Total |   6204 |   5906 |    298 |   1198 |   3317 |   8 |  775.5 |
       Dungeon |   6204 |   5906 |    298 |   1198 |   3317 |   8 |  775.5 |
               +--------+--------+--------+--------+--------+-----+--------+

Top non-repeatable levels by time:
     D:4: 1697 daAuts
     D:5: 1209 daAuts
     D:6: 970 daAuts
     D:2: 845 daAuts
     D:3: 760 daAuts
     D:1: 613 daAuts
     D:8: 82 daAuts
     D:7: 25 daAuts
